 Dungeon Crawl Stone Soup version 0.18.1-8-gdd0e5ea (webtiles) character file.

159 Larett the Sneak (level 5, -2/43 HPs)
             Began as a Deep Dwarf Artificer on June 8, 2016.
             Killed by divine providence
             ... invoked by an orc priest
              (12 damage)
             ... on level 3 of the Dungeon.
             The game lasted 00:09:42 (1811 turns).

Larett the Sneak (Deep Dwarf Artificer)             Turns: 1811, Time: 00:09:43

Health: -2/43      AC:  4    Str: 18    XL:     5   Next: 17%
Magic:  3/3        EV: 12    Int: 16    God:
Gold:   133        SH:  0    Dex: 13    Spells: 0 memorised, 4 levels left

rFire  . . .     SeeInvis .     t - -1 dagger (curse)
rCold  . . .     Gourm    .     b - +0 leather armour
rNeg   . . .     Faith    .     (no shield)
rPois  .         Spirit   .     u - +0 helmet
rElec  .         Dismiss  .     (no cloak)
rCorr  .         Reflect  .     (no gloves)
SustAt .         Harm     .     (no boots)
MR     .....                    (no amulet)
Stlth  +++.......               o - +3 ring of intelligence (curse)
                                j - +3 ring of strength

@: non-regenerating, not resistant to hostile enchantments, fairly stealthy
A: damage resistance, recharge devices, sense surroundings 1, slow regeneration
3
a: Device Recharging


You were on level 3 of the Dungeon.
You were not hungry.

You visited 1 branch of the dungeon, and saw 3 of its levels.

You collected 133 gold pieces.

Inventory:

Hand Weapons
 a - a +0 short sword
 i - a +0 short sword of speed
 k - a +1 spear of venom
 r - a +0 dagger
 s - a +0 hunting sling
 t - a cursed -1 dagger (weapon)
 x - a +0 hunting sling
 G - a +4 whip
Missiles
 l - 156 stones (quivered)
 m - 42 sling bullets
 p - 19 poisoned needles
Armour
 b - a +0 leather armour (worn)
 u - a +0 helmet (worn)
 y - a +0 buckler
 D - a +1 ring mail of cold resistance
Jewellery
 j - a +3 ring of strength (left hand)
 o - a cursed +3 ring of intelligence (right hand)
 B - an uncursed ring of ice {unknown}
Wands
 c - a wand of flame (8/48)
 d - a wand of enslavement (7/24)
 e - a wand of random effects (15/48)
 f - a wand of heal wounds (8/9)
Scrolls
 F - 2 scrolls of teleportation
Potions
 h - a potion of degeneration {!q}
 v - a potion of flight {unknown}
 w - a potion of berserk rage
 C - a potion of haste
 H - a potion of cure mutation {unknown}
Books
 z - a Young Poisoner's Handbook

   Spells                             Type                      Level
   a - Sting                          Conjuration/Poison           1
   b - Cure Poison                    Poison                       2
   c - Mephitic Cloud                 Conjuration/Poison/Air       3
   d - Olgreb's Toxic Radiance        Poison                       4
   e - Venom Bolt                     Conjuration/Poison           5
Comestibles
 g - 2 bread rations
 n - 2 beef jerkies
 q - a slice of pizza
 A - a royal jelly
 E - 9 chunks of flesh {@w1}


   Skills:
 - Level 0.8 Fighting
 - Level 0.8 Short Blades
 - Level 2.1 Dodging
 + Level 6.7 Stealth
 - Level 4.0 Evocations


You had 4 spell levels left.
You didn't know any spells.

Dungeon Overview and Level Annotations

Branches:
Dungeon (3/15)

Altars:
Nemelex Xobeh


Innate Abilities, Weirdness & Mutations

You are resistant to damage.
You can recharge devices by infusing magical energy.
You passively map a small area around you.
You do not regenerate naturally.


Message History

Anything else - Stay silent.
Gang up on whom?
Press: ? - help, Dir - move target cursor, f - orc priest, p - orc
Aim: an orc priest, wielding a dagger Attack!
You hear a shout! x2
The orc priest mumbles some strange prayers to Beogh against you.
Your orc convulses in agony!
Your orc dies!
A giant newt and an orc come into view.
A rat and an orc come into view.
Evoke which item? (* to show all) (? for menu, Esc to quit)
Zapping:
d - a wand of enslavement (8/24)
Press: ? - help, Shift-Dir - straight line, f/p - orc priest
Aim: an orc priest, wielding a dagger (chance to defeat MR: 54%)
The orc priest resists with significant effort.
This wand has 7 charges left.
The orc priest invokes the aid of Beogh against you.
Beogh smites you!
You die...

* ....#...........# *, ,,
....#...........## > ,,
................. , , ,
..#...........## * #+# , ,
#)..........# ,. , #.#
#...........# ... #.#
,#...........#
....####.#######...........#
............q........#.....##
.......o..#########..........
......)...# #...#####..
....o.o...# #...# #..
..........# #...# #..
....lr....# #...# #.. ,
....<.....# , #.. ,
..........# * #.. ..........#
......


You could see an orc priest.

Vanquished Creatures
  Terence (D:2)
  Robin (D:2)
  6 adders
  A worm (D:1)
  2 dart slugs
  2 orcs (D:3)
  2 giant cockroaches (D:1)
  10 goblins
  4 hobgoblins
  2 jackals (D:2)
  3 bats
  5 giant newts
  3 kobolds (D:1)
  3 rats (D:2)
45 creatures vanquished.

Vanquished Creatures (collateral kills)
  An orc priest (D:3)
  An orc (D:3)
  2 goblins
4 creatures vanquished.

Vanquished Creatures (others)
  A dart slug (D:3)
  2 orcs (D:3)
  A goblin (D:1)
  2 hobgoblins
6 creatures vanquished.

Grand Total: 55 creatures vanquished

Notes
Turn   | Place    | Note
--------------------------------------------------------------
     0 | D:1      | Larett the Deep Dwarf Artificer began the quest for the Orb.
     0 | D:1      | Reached XP level 1. HP: 16/16 MP: 3/3
    44 | D:1      | Reached skill level 2 in Stealth
   233 | D:1      | Found a sparkling altar of Nemelex Xobeh.
   261 | D:1      | Reached XP level 2. HP: 21/24 MP: 5/5
   334 | D:1      | Reached skill level 3 in Stealth
   802 | D:2      | Reached skill level 4 in Stealth
   802 | D:2      | Reached XP level 3. HP: 15/30 MP: 6/6
   824 | D:2      | Noticed Robin
   973 | D:1      | HP: 6/30 [worm (10)]
  1062 | D:2      | HP: 3/30 [poisoned by Robin]
  1067 | D:2      | Killed Robin
  1067 | D:2      | HP: 5/30 [poisoned by Robin]
  1067 | D:2      | HP: 2/30 [dart slug/slug dart (3)]
  1073 | D:2      | HP: 5/30 [poisoned by Robin]
  1077 | D:2      | Reached skill level 5 in Stealth
  1081 | D:2      | HP: 6/30 [poisoned by Robin]
  1103 | D:2      | Reached XP level 4. HP: 30/37 MP: 4/4
  1295 | D:2      | Noticed Terence
  1346 | D:2      | Killed Terence
  1346 | D:2      | Reached skill level 6 in Stealth
  1648 | D:3      | HP: 6/37 [orc priest/divine providence (9)]
  1663 | D:3      | HP: 7/37 [orc/falchion (3)]
  1677 | D:3      | Reached XP level 5. HP: 32/43 MP: 3/3
  1811 | D:3      | Killed from afar by an orc priest

Skill      XL: |  1  2  3  4 |
---------------+-------------+-----
Stealth        | 2 4 5 6 |  6.7
Fighting       | |  0.8
Short Blades   | |  0.8
Dodging        | |  2.1
Evocations     | |  4.0

Action                   |  1- 3 |  4- 6 || total
-------------------------+-------+-------++-------
Melee: Short sword       |    96 |       ||    96
       Dagger            |   107 |   148 ||   255
Throw: Stone             |       |     1 ||     1
 Abil: Device Recharging |     3 |     2 ||     5
Evoke: Wand              |    19 |    16 ||    35
  Use: Scroll            |     2 |     3 ||     5
       Potion            |     1 |       ||     1
 Stab: Sleeping          |     3 |     2 ||     5
       Distracted        |       |     1 ||     1
  Eat: Chunk             |       |     4 ||     4
Armor: Leather armour    |    66 |    43 ||   109
Dodge: Dodged            |   154 |   108 ||   262
